 Dungeon Crawl Stone Soup version 0.20.1-1-g8b1a95d66d (webtiles) character file.

15201 Peloso the Carver (level 12, -2/79 HPs)
             Began as a Halfling Fighter on Nov 18, 2017.
             Was a High Priest of Okawaru.
             Slain by a yak (10 damage)
             ... on level 2 of the Lair of Beasts.
             The game lasted 00:30:12 (11748 turns).

Peloso the Carver (Halfling Fighter)               Turns: 11748, Time: 00:30:12

Health: -2/79      AC: 19    Str: 21    XL:     12   Next: 54%
Magic:  12/12      EV: 10    Int:  9    God:    Okawaru [*****.]
Gold:   624        SH: 13    Dex: 18    Spells: 11/11 levels left

rFire    . . .     SeeInvis +   h - +4 scimitar (flame)
rCold    . . .     Gourm    .   c - +0 shield
rNeg     . . .     Faith    +   b - +0 plate armour
rPois    .         Spirit   .   W - +1 hat {SInv}
rElec    .         Reflect  .   (no cloak)
rCorr    .         Harm     .   m - +1 pair of gloves
MR       .....                  Q - +0 pair of boots {run}
Stlth    ..........             e - amulet of faith
Regen    0.3/turn               v - +3 ring of dexterity
MPRegen  0.2/turn               i - +3 ring of intelligence

@: lethally poisoned (-2 -> -3), slowed, very slow
A: mutation resistance 1
a: Heroism, Finesse, Renounce Religion


You were on level 2 of the Lair of Beasts.
You worshipped Okawaru.
Okawaru was extremely pleased with you.
You were not hungry.

You visited 3 branches of the dungeon, and saw 13 of its levels.
You also visited: Sewer.

You collected 736 gold pieces.
You spent 112 gold pieces at shops.

Inventory:

Hand Weapons
 a - a +3 falchion of electrocution
 h - a +4 scimitar of flaming (weapon)
 I - the +5 mace "Jammuh" {crush, +Rage rC+ MP+9}
   (You found it on level 7 of the Dungeon)

   It inflicts extra damage upon your enemies.
   It protects you from cold.
   It affects your magic capacity (+9).
   It lets you go berserk.
Armour
 b - a +0 plate armour (worn)
 c - a +0 shield (worn)
 m - a +1 pair of gloves (worn)
 t - a +2 pair of boots
 Q - a +0 pair of boots of running (worn)
 W - a +1 hat of see invisible (worn)
Jewellery
 e - an amulet of faith (around neck)
 i - a +3 ring of intelligence (right hand)
 o - an uncursed amulet of harm
 u - an uncursed ring of see invisible
 v - a +3 ring of dexterity (left hand)
 y - an uncursed amulet of the gourmand
 G - an uncursed amulet of magic regeneration
Wands
 k - a wand of enslavement (10/24)
 A - a wand of paralysis (24/24)
 H - a wand of confusion (21/48)
 O - a wand of polymorph (10/24)
 R - a wand of polymorph (19/24)
Scrolls
 j - 5 scrolls of enchant weapon
 n - 4 scrolls of remove curse
 p - 2 scrolls of magic mapping
 r - 3 scrolls of teleportation
 E - a scroll of enchant armour
 F - a scroll of amnesia
 S - a scroll of holy word {unknown}
 U - a scroll of fog {unknown}
Potions
 d - 3 potions of might
 q - a potion of ambrosia
 s - 2 potions of berserk rage
 w - 11 potions of flight {unknown}
 B - 4 potions of heal wounds
 D - 6 potions of agility {unknown}
 L - 2 potions of brilliance {unknown}
 M - a potion of haste {unknown}
 N - a potion of degeneration {unknown}
 V - 2 potions of invisibility {unknown}
Books
 x - a book of Conjurations

   Spells                             Type                      Level
   a - Magic Dart                     Conjuration                  1
   b - Searing Ray                    Conjuration                  2
   c - Dazzling Spray                 Conjuration/Hexes            3
   d - Fulminant Prism                Conjuration/Hexes            4
   e - Force Lance                    Conjuration/Translocation    4
   f - Iskenderun's Mystic Blast      Conjuration                  4
 J - a book of Frost

   Spells                             Type                      Level
   a - Freeze                         Ice                          1
   b - Throw Frost                    Conjuration/Ice              2
   c - Ozocubu's Armour               Charms/Ice                   3
   d - Throw Icicle                   Conjuration/Ice              4
   e - Summon Ice Beast               Ice/Summoning                4
 K - a book of Geomancy

   Spells                             Type                      Level
   a - Sandblast                      Earth                        1
   b - Passwall                       Transmutation/Earth          2
   c - Stone Arrow                    Conjuration/Earth            3
   d - Petrify                        Transmutation/Earth          4
   e - Lee's Rapid Deconstruction     Earth                        5
Miscellaneous
 P - a fan of gales
Comestibles
 f - 16 bread rations
 g - 7 fruits
 l - 3 meat rations
 z - 2 royal jellies
 T - 2 chunks of flesh


   Skills:
 + Level 6.2 Fighting
 + Level 12.0 Long Blades
 + Level 10.6 Armour
 + Level 4.4 Dodging
 + Level 2.0 Stealth
 + Level 11.1 Shields
 + Level 0.9 Invocations


You had 11 spell levels left.
You didn't know any spells.

Dungeon Overview and Level Annotations

Branches:
Dungeon (10/15)            Temple (1/1) D:6            Lair (2/6) D:10
  Swamp (0/4) Lair:2          Orc (0/2) D:10
  Snake: Lair:2-4    Spider: Lair:2-4

Altars:
Dithmenos
Elyvilon
Fedhas
Gozag
Kikubaaqudgha
Makhleb
Nemelex Xobeh
Okawaru
Ru
Uskayaw
Vehumet
Xom
Zin
The Shining One

Shops:
D:4 (   D:6 =   D:9 !

Annotations:
D:10 2 runed doors
Lair:2 Sonja


Innate Abilities, Weirdness & Mutations

You are small and have problems with some larger weapons.
You are somewhat resistant to further mutation.


Message History

You closely miss the crocodile.
The crocodile is severely wounded.
You block the crocodile's attack. The yak gores you.
* * * LOW HITPOINT WARNING * * *
The yak gores something!
You block the yak's attack.
The yak gores the plant!
The plant is destroyed!
The yak gores you but does no damage. The crocodile bites you.
* * * LOW HITPOINT WARNING * * *
You slash the crocodile! You burn the crocodile.
You kill the crocodile!
Okawaru accepts your kill. Something appears at your feet!
Okawaru grants you a gift!
You feel sick. The yak completely misses you.
The yak gores you but does no damage. You block the yak's attack. x2
You slash the yak! You burn the yak.
The yak is heavily wounded.
The yak gores you but does no damage. You block the yak's attack.
The yak gores you but does no damage. x2; The yak gores you!
You die...

#### #Y@#
#YYY......
#.........
+.........
#.....Y...
######F+.#
.. # P#


You could see 5 yaks and a bullfrog (wandering).

Vanquished Creatures
  Gastronok (Lair:2)
  Harold (Lair:2)
  Erica (D:9)
  2 two-headed ogres
  The ghost of timpakay the Cleaver, a novice FoFi of Uskayaw (D:6)
  Pikel (D:7)
  A manticore (D:9)
  Joseph (D:9)
  A black mamba (Lair:2)
  2 spiny frogs (Lair:1)
  A kobold demonologist (D:8)
  A troll (D:9)
  A hornet (D:9)
  Prince Ribbit (D:6)
  3 hippogriffs
  A spriggan (D:9)
  A basilisk (Lair:1)
  6 yaks
  A hungry ghost (D:7)
  Menkaure (D:7)
  2 wargs (D:10)
  3 water moccasins
  2 ice beasts
  2 porcupines
  4 orc warriors
  2 black bears (D:9)
  A necrophage (D:8)
  2 sky beasts
  5 wolves (Lair:1)
  4 ogres
  5 centaurs
  A crocodile (Lair:2)
  7 bullfrogs
  3 big kobolds
  A water moccasin zombie (D:8)
  2 scorpions
  The ghost of LarsimusPrime the Chopper, a weakling HOMo (D:4)
  2 howler monkeys
  2 crimson imps
  A bullfrog zombie (D:8)
  6 hounds
  6 orc priests
  2 centaur skeletons
  2 jellies
  10 orc wizards
  5 bullfrog skeletons
  5 iguanas
  5 worker ants
  A killer bee zombie (D:9)
  8 gnolls
  18 adders
  2 river rats (Sewer)
  3 shadow imps
  2 oozes
  An adder skeleton (D:5)
  9 worms
  11 dart slugs
  10 leopard geckos
  33 orcs
  5 bats
  5 giant cockroaches
  6 hobgoblins
  20 jackals
  3 quokkas
  5 ball pythons
  5 frilled lizards
  8 goblins
  20 kobolds
  25 rats
322 creatures vanquished.

Vanquished Creatures (others)
  2 adders (D:5)
  An adder skeleton (D:5)
  2 plants (Lair:2)
5 creatures vanquished.

Grand Total: 327 creatures vanquished

Notes
Turn   | Place    | Note
-------+----------+-------------------------------------------
     0 | D:1      | Peloso the Halfling Fighter began the quest for the Orb.
     0 | D:1      | Reached XP level 1. HP: 15/15 MP: 1/1
   124 | D:1      | Reached XP level 2. HP: 19/20 MP: 2/2
   715 | D:2      | Reached XP level 3. HP: 25/25 MP: 3/3
  1046 | D:2      | Reached XP level 4. HP: 19/30 MP: 4/4
  1821 | D:3      | Found a glowing drain.
  1825 | Sewer    | Entered a sewer
  1835 | Sewer    | Reached skill level 3 in Long Blades
  1864 | Sewer    | Noticed a big kobold
  1881 | Sewer    | Killed a big kobold
  1881 | Sewer    | Reached skill level 1 in Dodging
  1881 | Sewer    | Reached XP level 5. HP: 34/36 MP: 5/5
  2136 | Sewer    | Reached skill level 4 in Long Blades
  2136 | Sewer    | Reached XP level 6. HP: 34/42 MP: 6/6
  3094 | D:4      | Reached XP level 7. HP: 46/46 MP: 7/7
  3128 | D:4      | Noticed LarsimusPrime's ghost (weakling HOMo)
  3138 | D:4      | Reached skill level 5 in Long Blades
  3544 | D:4      | Killed LarsimusPrime's ghost
  3549 | D:4      | Reached skill level 5 in Shields
  3640 | D:4      | Found Zudo's Weapon Shop.
  4017 | D:4      | Reached XP level 8. HP: 54/54 MP: 8/8
  4111 | D:4      | Reached skill level 6 in Long Blades
  4515 | D:5      | Entered Level 5 of the Dungeon
  4663 | D:5      | Found a shimmering altar of Xom.
  4694 | D:5      | Reached skill level 5 in Armour
  4974 | D:5      | Reached skill level 7 in Long Blades
  5391 | D:6      | Reached XP level 9. HP: 36/58 MP: 9/9
  5594 | D:6      | Noticed Prince Ribbit
  5611 | D:6      | Killed Prince Ribbit
  5624 | D:6      | Found a hide-covered altar of Uskayaw.
  5626 | D:6      | Noticed a hand axe
  5626 | D:6      | Noticed a dagger
  5815 | D:6      | Found Nikig's Jewellery Emporium.
  5860 | D:6      | Found a staircase to the Ecumenical Temple.
  5861 | D:6      | Noticed timpakay's ghost (novice FoFi)
  5882 | D:6      | Killed timpakay's ghost
  5882 | D:6      | Reached skill level 8 in Long Blades
  5905 | Temple   | Entered the Ecumenical Temple
  5941 | Temple   | Became a worshipper of Warmaster Okawaru
  6501 | D:7      | Reached XP level 10. HP: 16/65 MP: 10/10
  6601 | D:7      | Noticed Menkaure
  6618 | D:7      | Killed Menkaure
  6618 | D:7      | Reached skill level 1 in Stealth
  7084 | D:7      | Noticed Pikel
  7109 | D:7      | Killed Pikel
  7109 | D:7      | Reached * piety under Okawaru
  7350 | D:7      | Reached skill level 9 in Long Blades
  7420 | D:7      | Got a shimmering mace
  7464 | D:7      | Identified the +5 mace "Jammuh" {crush, +Rage rC+ MP+9} (You found it on level 7 of the Dungeon)
  7800 | D:8      | Noticed a two-headed ogre
  7823 | D:8      | Killed a two-headed ogre
  7823 | D:8      | Reached ** piety under Okawaru
  7974 | D:8      | Reached skill level 5 in Fighting
  8027 | D:8      | Reached *** piety under Okawaru
  8120 | D:8      | Noticed a kobold demonologist
  8127 | D:8      | Killed a kobold demonologist
  8708 | D:9      | Reached XP level 11. HP: 65/71 MP: 11/11
  8716 | D:9      | Reached skill level 10 in Long Blades
  8870 | D:9      | Noticed a manticore
  8884 | D:9      | Killed a manticore
  8884 | D:9      | Reached **** piety under Okawaru
  8899 | D:9      | Found Aptadim's Distillery.
  8914 | D:9      | Bought a potion of heal wounds for 70 gold pieces
  8914 | D:9      | Bought a potion of curing for 42 gold pieces
  9152 | D:9      | Noticed Joseph
  9173 | D:9      | Killed Joseph
  9173 | D:9      | Reached ***** piety under Okawaru
  9434 | D:9      | Noticed Erica
  9458 | D:9      | Killed Erica
  9654 | D:9      | Noticed a two-headed ogre
  9662 | D:9      | Killed a two-headed ogre
  9662 | D:9      | Reached skill level 11 in Long Blades
  9825 | D:9      | Received a gift from Okawaru
  9825 | D:9      | Reached skill level 10 in Shields
  9839 | D:9      | Identified a +0 pair of boots of running (Okawaru gifted it to you on level 9 of the Dungeon)
  9862 | D:10     | Entered Level 10 of the Dungeon
  9913 | D:10     | Found a runed door.
 10147 | D:10     | Found a staircase to the Orcish Mines.
 10233 | D:10     | Found a staircase to the Lair.
 10514 | D:10     | Found a runed door.
 10718 | Lair:1   | Entered Level 1 of the Lair of Beasts
 10896 | Lair:1   | Reached skill level 10 in Armour
 10928 | Lair:1   | Reached XP level 12. HP: 65/77 MP: 12/12
 11124 | Lair:1   | Found an opulent altar of Gozag.
 11358 | Lair:2   | Noticed Harold
 11389 | Lair:2   | Killed Harold
 11669 | Lair:2   | Found a staircase to the Swamp.
 11669 | Lair:2   | Noticed Gastronok
 11692 | Lair:2   | Killed Gastronok
 11713 | Lair:2   | Noticed Sonja
 11717 | Lair:2   | Reached skill level 12 in Long Blades
 11747 | Lair:2   | Received a gift from Okawaru
 11748 | Lair:2   | Slain by a yak

Skill      XL: |  1  2  3  4  5  6  7  8  9 10 11 12 |
---------------+-------------------------------------+-----
Fighting       | 3 4 5 6 |  6.2
Shields        | 4 5 7 9 10 11 | 11.1
Long Blades    | 3 4 5 7 8 9 11 12 | 12.0
Dodging        | 1 2 3 4 |  4.4
Armour         | 4 5 7 8 10 | 10.6
Stealth        | 1 2 |  2.0
Invocations    | |  0.9

Action                   |  1- 3 |  4- 6 |  7- 9 | 10-12 || total
-------------------------+-------+-------+-------+-------++-------
Melee: Long sword        |   113 |   224 |    72 |       ||   409
       Falchion          |       |       |   220 |   333 ||   553
       Scimitar          |       |       |       |   225 ||   225
Invok: Heroism           |       |       |       |     1 ||     1
       Finesse           |       |       |       |     1 ||     1
  Use: Scroll            |       |       |    12 |     4 ||    16
       Potion            |       |       |     1 |     9 ||    10
  Eat: Chunk             |       |    17 |     5 |    19 ||    41
Armor: Scale mail        |    53 |   119 |    55 |       ||   227
       Chain mail        |       |       |    40 |    16 ||    56
       Plate armour      |       |       |       |   171 ||   171
Dodge: Dodged            |    48 |   103 |   118 |   166 ||   435
Block: Shield            |    66 |   178 |   154 |   311 ||   709
       Rpst.: Long sword |    17 |    42 |    13 |       ||    72
       Falchion          |       |       |    22 |    20 ||    42
       Scimitar          |       |       |       |    32 ||    32
